cohdb
Replays
Latest Replays
All Replays
Popular Replays
Top Player Replays
Match Explorer
How It Works
Community
CoH3 Stats
Reddit
Sign in to upload your games and track your stats! →
Sign in with Steam
Match 47198612
Unlisted
Match 47198612
Overview
Messages
Build Orders
End
Construct Section Command Post
Vickers Machine Gun Team
Dingo Light Scout Car
Infantry Section
Infantry Section
Construct Platoon Command Post
Selects Air and Sea Battlegroup
Selects Supply Surplus
CMP 15cwt Truck
Humber Armored Car
6-pounder Anti-tank Gun Team
Selects Commando Section Paradrop
Selects Commando Support Section Paradrop
Commando Section Paradrop
Commando Support Section Paradrop
Commando Section Paradrop
Flammable
water
Boat Goes Binted
It's Takotime
lushmeadow
Wheanors McQueen
Gernhardt Reinlunzen
Sidney
0
0
Comments
sign in to comment!
No comments posted yet!